 Dungeon Sprint DCSS version 0.30-b1-2-g02819fbbbe (webtiles) character file.

Game seed: 3362068083293628875

1913 funkygono the Cleaver (level 8, -3/83 HPs)
             Began as a Minotaur Fighter on July 15, 2023.
             Was a Priest of Okawaru.
             Slain by a tengu warrior
             ... wielding a +2 war axe
              (10 damage)
             ... in the Dungeon (Sprint IX: "|||||||||||||||||||||||||||||").
             The game lasted 00:01:42 (522 turns).

funkygono the Cleaver (Minotaur Fighter)             Turns: 522, Time: 00:01:44

Health: -3/83      AC: 13    Str: 24    XL:     8   Next: 95%
Magic:  7/7        EV: 14    Int:  5    God:    Okawaru [***...]
Gold:   0          SH:  6    Dex:  9    Spells: 7/7 levels left

rFire   . . .        n - +1 broad axe (heavy)
rCold   . . .        c - +0 buckler
rNeg    . . .        o - +2 ring mail
rPois   .            (helmet restricted)
rElec   .            (no cloak)
rCorr   .            a - +0 pair of gloves
SInv    .            (no boots)
Will    .....        (no amulet) Stlth
                     b - +2 ring of evasion
HPRegen 0.33/turn    p - +2 ring of protection
MPRegen 0.10/turn

%: no teleportation
@: mighty
A: horns 2, retaliatory headbutt
a: Renounce Religion, Heroism


You were in the Dungeon.
You worshipped Okawaru.
Okawaru was most pleased with you.
You visited 1 branch

Inventory:

Hand Weapons
 n - a +1 heavy broad axe (weapon)
Armour
 a - a +0 pair of gloves (worn)
 c - a +0 buckler (worn)
 o - a +2 ring mail (worn)
Jewellery
 b - a +2 ring of evasion (left hand)
 p - a +2 ring of protection (right hand)
Wands
 m - a wand of roots (10)
Scrolls
 j - 2 scrolls of blinking
 l - 2 scrolls of amnesia
Potions
 e - 5 potions of curing
 g - a potion of haste
 h - 4 potions of magic
 i - a potion of berserk rage
 k - a potion of invisibility


   Skills:
 + Level 12.2 Fighting
 + Level 12.3 Axes
 + Level 11.9 Armour
 + Level 5.7 Dodging
 + Level 11.8 Shields


You had 7 spell levels left.
You didn't know any spells.
Your spell library was empty.

Dungeon Overview and Level Annotations

Branches:
Dungeon (1/1)

Altars:
Cheibriados
Dithmenos
Elyvilon
Fedhas
Gozag
Hepliaklqana
Kikubaaqudgha
Makhleb
Nemelex Xobeh
Okawaru
Qazlal
Ru
Sif Muna
Trog
Uskayaw
Vehumet
Wu Jian
Xom
Yredelemnul
Zin
The Shining One
Jiyva
Lugonu


Innate Abilities, Weirdness & Mutations

You have a pair of horns on your head.
You reflexively headbutt those who attack you in melee.


Message History

The tengu warrior pecks you but does no damage.
The tengu warrior barely misses you.
You closely miss the tengu warrior. Your headbutt misses the tengu warrior.
The tengu warrior is lightly wounded.
The tengu warrior hits you with a +2 war axe!
The tengu warrior pecks you. The tengu warrior claws you.
The boulder beetle curls into a ball and begins rolling!
Unknown command.
You miss the tengu warrior.
The tengu warrior is lightly wounded.
You block the tengu warrior's attack. The tengu warrior pecks you.
The tengu warrior claws you but does no damage.
The boulder beetle hits you.
The boulder beetle stops rolling and uncurls.
The tengu warrior hits you but does no damage.
The tengu warrior pecks you but does no damage.
The tengu warrior closely misses you.
You cut the tengu warrior into ribbons!!!
Your headbutt misses the tengu warrior.
The tengu warrior is severely wounded.
You hit the boulder beetle but do no damage.
The boulder beetle bites you but does no damage.
The tengu conjurer casts a spell.
The tengu conjurer conjures a globe of magical energy!
The tengu warrior hits you with a +2 war axe!
* * * LOW HITPOINT WARNING * * *
The tengu warrior pecks you.
* * * LOW HITPOINT WARNING * * *
The tengu warrior claws you.
* * * LOW HITPOINT WARNING * * *
The boulder beetle misses you. You furiously retaliate!
You headbutt the boulder beetle!
A battlesphere comes into view.
You closely miss the tengu warrior. Your headbutt misses the tengu warrior.
The tengu warrior is severely wounded.
You slash the boulder beetle! The tengu warrior barely misses you.
The tengu warrior closely misses you. You block the tengu warrior's attack.
You block the boulder beetle's attack.
The tengu warrior hits you with a +2 war axe!
You die... ▓▓▓▓▓▓▓▓▓▓▓▓▓▓▓▓▓▓▓▓▓▓▓▓ +....9Q@BQ*..)'[.[.[.)). ▓▓▓▓▓▓▓▓▓▓▓▓▓▓▓▓▓▓▓▓▓▓▓▓

You could see a boulder beetle, a tengu warrior, a tengu conjurer, a gargoyle and a battlesphere (distracted).

Vanquished Creatures
  A centaur warrior (D)
  A gargoyle (D)
  A troll (D)
  A hornet (D)
  A yak (D)
  A vampire mosquito (D)
  An ogre (D)
  A centaur (D)
  A phantom (D)
  A killer bee (D)
  A jelly (D)
  2 hounds (D)
  A dart slug (D)
  3 goblins (D)
  A rat (D)
18 creatures vanquished.

Notes
Turn   | Place    | Note
-------+----------+-------------------------------------------
     0 | D        | funkygono the Minotaur Fighter began the quest for the Orb.
     0 | D        | Reached XP level 1. HP: 19/19 MP: 0/0
    49 | D        | Noticed a hound
    49 | D        | Noticed an ogre
    49 | D        | Noticed a jelly
    49 | D        | Noticed a phantom
    49 | D        | Noticed a hound
    55 | D        | Killed a hound
    56 | D        | Reached skill level 5 in Fighting
    56 | D        | Reached skill level 5 in Armour
    56 | D        | Reached skill level 5 in Shields
    56 | D        | Reached XP level 2. HP: 29/29 MP: 1/1
    56 | D        | Reached XP level 3. HP: 36/36 MP: 2/2
    65 | D        | Killed a phantom
    66 | D        | Reached skill level 5 in Axes
    66 | D        | Reached skill level 1 in Dodging
    66 | D        | Reached XP level 4. HP: 30/45 MP: 3/3
    68 | D        | Reached XP level 5. HP: 19/52 MP: 4/4
    69 | D        | Killed an ogre
   202 | D        | Found a snail-covered altar of Cheibriados.
   202 | D        | Found a shadowy altar of Dithmenos.
   202 | D        | Found a white marble altar of Elyvilon.
   202 | D        | Found a blossoming altar of Fedhas.
   202 | D        | Found an opulent altar of Gozag.
   203 | D        | Found a hazy altar of Hepliaklqana.
   204 | D        | Found a viscous altar of Jiyva.
   205 | D        | Found an ancient bone altar of Kikubaaqudgha.
   206 | D        | Found a corrupted altar of Lugonu.
   207 | D        | Found a burning altar of Makhleb.
   208 | D        | Found a sparkling altar of Nemelex Xobeh.
   209 | D        | Found an iron altar of Okawaru.
   210 | D        | Found a stormy altar of Qazlal.
   211 | D        | Found a sacrificial altar of Ru.
   212 | D        | Found a shimmering blue altar of Sif Muna.
   213 | D        | Found a bloodstained altar of Trog.
   214 | D        | Found a hide-covered altar of Uskayaw.
   215 | D        | Found a radiant altar of Vehumet.
   216 | D        | Found an ornate altar of the Wu Jian Council.
   217 | D        | Became a worshipper of Warmaster Okawaru
   218 | D        | Found a shimmering altar of Xom.
   219 | D        | Found a basalt altar of Yredelemnul.
   220 | D        | Found a glowing silver altar of Zin.
   221 | D        | Found a glowing golden altar of the Shining One.
   272 | D        | Noticed a troll
   272 | D        | Noticed a yak
   272 | D        | Noticed a gargoyle
   272 | D        | Noticed a centaur
   272 | D        | Noticed a hornet
   277 | D        | Paralysed by a hornet for 1 turns
   278 | D        | Killed a hornet
   278 | D        | HP: 2/53 [poisoned by a hornet]
   279 | D        | Reached XP level 6. HP: 3/64 MP: 5/5
   279 | D        | Reached * piety under Okawaru
   280 | D        | Reached skill level 10 in Armour
   284 | D        | Reached XP level 7. HP: 11/71 MP: 6/6
   287 | D        | Killed a gargoyle
   287 | D        | Reached ** piety under Okawaru
   288 | D        | Reached skill level 10 in Fighting
   288 | D        | Reached skill level 10 in Shields
   290 | D        | Killed a yak
   291 | D        | Reached skill level 10 in Axes
   292 | D        | HP: 1/74 [troll (3)]
   294 | D        | Killed a troll
   294 | D        | Reached *** piety under Okawaru
   295 | D        | Reached XP level 8. HP: 14/82 MP: 7/7
   506 | D        | Noticed a gargoyle
   506 | D        | Noticed a boulder beetle
   506 | D        | Noticed a tengu warrior
   506 | D        | Noticed a tengu conjurer
   506 | D        | Noticed a centaur warrior
   512 | D        | Killed a centaur warrior
   512 | D        | Received a gift from Okawaru
   513 | D        | Reached skill level 5 in Dodging
   522 | D        | Slain by a tengu warrior

Illustrated notes

Levels and vault maps discovered:
D:        linesprint [early_d, line_temple, items_1, d_10, items_2, lair_1,
          lair_end, items_3, orc_1, orc_end, items_4, d_15, swamp_1, shoals_1,
          snake_1, spider_1, d_20, vaults_1, items_5, swamp_end, shoals_end,
          snake_end, spider_end, vaults_end, d_27, items_6, zot_1, zot_end,
          crypt_end, forest_end, elf_end, slime_end, tomb_end, abyss_end,
          pan_hell_end]

Skill      XL: |  1  2  3  4  5  6  7  8 |
---------------+-------------------------+-----
Fighting       | 5 6 7 9 11 12 | 12.2
Armour         | 5 6 7 9 10 11 | 11.9
Shields        | 5 6 7 9 11 | 11.8
Axes           | 3 5 8 10 12 | 12.3
Dodging        | 1 2 3 4 5 |  5.7

Action                     |  1- 3 |  4- 6 |  7- 9 || total
---------------------------+-------+-------+-------++-------
  Melee: War axe           |    26 |     6 |       ||    32
         Headbutt          |     4 |     2 |     3 ||     9
         Broad axe         |       |     9 |    23 ||    32
    Use: Potion            |       |     1 |     3 ||     4
 Armour: Scale mail        |     8 |     1 |       ||     9
         Ring mail         |       |     5 |    21 ||    26
  Dodge: Dodged            |    16 |    22 |    30 ||    68
  Block: Buckler           |     1 |    10 |    16 ||    27
